 Dungeon Crawl Stone Soup version 0.23.1-37-gaa34b87 (webtiles) character file.

Game seed: 2999661880479745835

980 wilfster70 the Cleaver (level 8, 0/71 HPs)
             Began as a Hill Orc Fighter on Mar 20, 2019.
             Was an Initiate of Beogh.
             Slain by an orc warrior
             ... wielding a +0 scimitar of flaming
              (8 damage)
             ... on level 6 of the Dungeon.
             The game lasted 00:11:15 (3655 turns).

wilfster70 the Cleaver (Hill Orc Fighter)           Turns: 3655, Time: 00:11:16

Health: 0/71       AC: 10    Str: 21    XL:     8   Next: 17%
Magic:  8/8        EV:  6    Int:  8    God:    Beogh [......]
Gold:   279        SH: 10    Dex: 10    Spells: 7/7 levels left

rFire    . . .     SeeInvis .   a - +0 war axe
rCold    . . .     Gourm    .   c - +0 shield
rNeg     . . .     Faith    +   t - +0 chain mail
rPois    .         Spirit   .   n - +0 helmet
rElec    .         Reflect  .   l - scarf {repulsion}
rCorr    .         Harm     .   (no gloves)
MR       .....                  (no boots)
Stlth    ..........             w - amulet of faith
HPRegen  0.21/turn              y - ring of wizardry
MPRegen  0.11/turn              (no ring)

@: about to teleport, slowed, repel missiles, very slow
A: no striking features
a: Renounce Religion


You were on level 6 of the Dungeon.
You worshipped Beogh.
Beogh was noncommittal.
You were not hungry.

You visited 1 branch of the dungeon, and saw 6 of its levels.

You collected 279 gold pieces.

Inventory:

Hand Weapons
 a - a +0 war axe (weapon)
 b - the +7 trident "Kotrate" {freeze, -Tele rC- Str+8 SInv}
   (You found it on level 5 of the Dungeon)

   It has been specially enchanted to freeze those struck by it, causing extra
   injury to most foes and up to half again as much damage against particularly
   susceptible opponents.
   It can also slow down cold-blooded creatures.
   It affects your strength (+8).
   It makes you vulnerable to cold.
   It lets you see invisible.
   It prevents most forms of teleportation.
Armour
 c - a +0 shield (worn)
 l - a scarf of repulsion (worn)
 n - a +0 helmet (worn)
 t - a +0 chain mail (worn)
Jewellery
 w - an amulet of faith (around neck)
 y - a ring of wizardry (left hand)
 z - an uncursed ring of protection from cold {unknown}
Wands
 x - a wand of digging (11)
Scrolls
 e - 3 scrolls of teleportation
 g - 2 scrolls of amnesia {unknown}
 h - 4 scrolls of remove curse
 j - 2 scrolls of magic mapping {unknown}
 m - 2 scrolls of fog {unknown}
 o - 2 scrolls of blinking {unknown}
 r - 2 scrolls of immolation {unknown}
 s - 3 scrolls of fear {unknown}
 v - 2 scrolls of enchant weapon {unknown}
Potions
 d - 4 potions of might
 p - a potion of agility {unknown}
 q - 3 potions of curing
 u - 2 potions of magic
Comestibles
 f - 9 rations
 k - 2 chunks of flesh


   Skills:
 + Level 6.3 Fighting
 * Level 8.6 Axes
 - Level 4.2 Armour
 + Level 5.8 Shields


You had 7 spell levels left.
You didn't know any spells.
Your spell library was empty.

Dungeon Overview and Level Annotations

Branches:
Dungeon (6/15)
 Temple: D:4-7

Altars:
Cheibriados
Dithmenos
Kikubaaqudgha
Uskayaw
Vehumet
The Shining One

Shops:
D:5 :


Message History

The orc warrior burns you.
The orc warrior hits you with a +0 scimitar of flaming!!
* * * LOW HITPOINT WARNING * * *
The orc warrior burns you.
* * * LOW HITPOINT WARNING * * *
You feel much better.
The orc wizard casts a spell.
The orc wizard seems to speed up.
The orc warrior hits you with a +0 scimitar of flaming!
* * * LOW HITPOINT WARNING * * *
The orc warrior burns you.
* * * LOW HITPOINT WARNING * * *
You hit the orc warrior but do no damage.
The orc warrior is heavily wounded.
You block the orc warrior's attack.
As you read the scroll of teleportation, it crumbles to dust.
You feel strangely unstable. The orc warrior barely misses you.
The orc warrior hits you with a +0 scimitar of flaming!
You die...
Beogh appreciates the orc warrior's killing of a heretic priest.

.. #####. _8_ .####.
...##..#.. ._..........
#..##..[.. ....#..
....#####........ #.....
...##.#......... ##.....
#.##...........
#......####..............
#.....†#.................
#.....oo@................
#......).......#.......<.
#..............##...#...#
##............###########
##..........##
############


You could see an orc warrior and an orc wizard.

Vanquished Creatures
  3 ogres
  2 scorpions
  2 crimson imps
  A bullfrog zombie (D:2)
  2 hounds
  2 centaur skeletons
  5 orc wizards
  3 iguanas
  A worker ant (D:5)
  A hound skeleton (D:5)
  6 adders
  3 oozes
  An adder skeleton (D:6)
  2 worms
  6 dart slugs
  3 leopard geckos
  9 orcs
  10 bats
  3 giant cockroaches
  9 hobgoblins
  2 jackals (D:5)
  2 quokkas (D:6)
  3 ball pythons
  3 frilled lizards
  7 goblins
  3 kobolds
  A leopard gecko skeleton (D:4)
  2 quokka skeletons
  6 rats
103 creatures vanquished.

Vanquished Creatures (others)
  A crimson imp (D:6)
1 creature vanquished.

Grand Total: 104 creatures vanquished

Notes
Turn   | Place    | Note
-------+----------+-------------------------------------------
     0 | D:1      | wilfster70 the Hill Orc Fighter began the quest for the
                  | Orb.
     0 | D:1      | Reached XP level 1. HP: 19/19 MP: 1/1
   101 | D:1      | Reached skill level 3 in Axes
   141 | D:1      | Reached XP level 2. HP: 27/27 MP: 2/2
   784 | D:2      | Reached XP level 3. HP: 33/33 MP: 3/3
   795 | D:2      | Reached skill level 4 in Axes
   795 | D:2      | Reached XP level 4. HP: 15/40 MP: 4/4
  1512 | D:3      | Reached XP level 5. HP: 36/47 MP: 5/5
  1538 | D:3      | Reached skill level 5 in Axes
  1684 | D:3      | You fall through a shaft for 2 floors!
  1684 | D:5      | Entered Level 5 of the Dungeon
  2137 | D:3      | Found an ancient bone altar of Kikubaaqudgha.
  2137 | D:3      | Found a hide-covered altar of Uskayaw.
  2295 | D:4      | Noticed an ogre
  2300 | D:4      | Killed an ogre
  2300 | D:4      | Reached skill level 5 in Fighting
  2300 | D:4      | Reached skill level 6 in Axes
  2300 | D:4      | Reached XP level 6. HP: 56/56 MP: 6/6
  2601 | D:4      | Reached XP level 7. HP: 61/61 MP: 7/7
  2858 | D:5      | Got a smoking trident
  2859 | D:5      | Identified the +7 trident "Kotrate" {freeze, -Tele rC-
                  | Str+8 SInv} (You found it on level 5 of the Dungeon)
  2967 | D:5      | Reached skill level 7 in Axes
  2967 | D:5      | Reached skill level 5 in Shields
  2975 | D:5      | Found Cidiadot's Book Shoppe.
  3067 | D:5      | Found a snail-covered altar of Cheibriados.
  3374 | D:6      | Became a worshipper of Beogh the Brigand
  3380 | D:6      | Reached skill level 8 in Axes
  3380 | D:6      | Reached XP level 8. HP: 46/70 MP: 8/8
  3631 | D:6      | Found a radiant altar of Vehumet.
  3632 | D:6      | Found a glowing golden altar of the Shining One.
  3632 | D:6      | Found a shadowy altar of Dithmenos.
  3652 | D:6      | HP: 2/71 [orc warrior/+0 scimitar of flaming (5)]
  3655 | D:6      | Slain by an orc warrior

Skill      XL: |  1  2  3  4  5  6  7 |
---------------+----------------------+-----
Axes           | 3 4 6 8 |  8.6
Fighting       | 4 5 6 |  6.3
Armour         | 4 |  4.2
Shields        | 4 5 |  5.8

Action                   |  1- 3 |  4- 6 |  7- 9 || total
-------------------------+-------+-------+-------++-------
Melee: War axe           |    42 |   194 |   115 ||   351
Invok: Convert to Beogh  |       |       |     1 ||     1
  Use: Scroll            |       |     5 |     2 ||     7
       Potion            |       |       |     2 ||     2
  Eat: Chunk             |       |     6 |     3 ||     9
Armor: Scale mail        |    20 |    70 |       ||    90
       Chain mail        |       |    33 |    68 ||   101
Dodge: Dodged            |    12 |    69 |    27 ||   108
       Deflected         |     1 |       |     4 ||     5
Block: Shield            |    28 |   118 |    64 ||   210
